[Event "17th Memorial Lezcano Montalvo 2025"]
[Site "Gran Canaria"]
[Date "2025.04.20"]
[Round "9.53"]
[White "Alonso Galvez, Ana Belen"]
[Black "Peraza Concepcion, Airam"]
[Result "0-1"]
[Annotator "NA"]
[ECO "C54"]
[WhiteElo "1554"]
[BlackElo "1712"]
[PlyCount "102"]
[EventDate "2025.04.13"]
[EventType "swiss"]
[EventCountry "ESP"]
[SourceTitle "playchess.com"]
[Source "ChessBase"]
[SourceQuality "1"]
[TimeControl "5400+30"]

1. e4 e5 2. Nf3 Nc6 3. Bc4 Bc5 4. c3 Nf6 5. d3 d6 6. Bg5 h6 7. Be3 Bxe3 8. fxe3 a6 9. O-O O-O 10. Nbd2 Na5 11. Qe1 Nxc4 12. Nxc4 Be6 13. Ncd2 Re8 14. d4 exd4 15. exd4 Bd7 16. Rf2 Nxe4 17. Nxe4 d5 18. Re2 dxe4 19. Rxe4 Rxe4 20. Qxe4 Bc6 21. Qd3 Bxf3 22. Qxf3 c6 23. Rf1 Qe7 24. a3 Re8 25. b4 Qe3+ 26. Qxe3 Rxe3 27. Rc1 Re2 28. a4 Kf8 29. a5 Ke7 30. Kf1 Rd2 31. Re1+ Kd7 32. Re5 Rc2 33. Rc5 Kd6 34. h4 g6 35. g4 f6 36. g5 fxg5 37. hxg5 h5 38. Kg1 Re2 39. Kh1 Rf2 40. c4 Rb2 41. b5 axb5 42. cxb5 Rxb5 43. Rc4 Rxa5 44. Rb4 b5 45. Rb2 Ra7 46. Rf2 Re7 47. Rc2 Re4 48. Rf2 Kd5 49. Rf6 Rh4+ 50. Kg2 Rg4+ 51. Kh3 Rxg5 0-1

[Event "17th Memorial Lezcano Montalvo 2025"]
[Site "Gran Canaria"]
[Date "2025.04.20"]
[Round "9.54"]
[White "Almeida Cubas, Mirella"]
[Black "Bernal Zelaya, Pedro Gabriel"]
[Result "1-0"]
[Annotator "NA"]
[ECO "A13"]
[WhiteElo "1824"]
[BlackElo "1538"]
[PlyCount "109"]
[EventDate "2025.04.13"]
[EventType "swiss"]
[EventCountry "ESP"]
[SourceTitle "playchess.com"]
[Source "ChessBase"]
[SourceQuality "1"]
[TimeControl "5400+30"]

1. Nf3 d5 2. c4 e6 3. g3 Nf6 4. b3 Bd6 5. Bb2 b6 6. Bg2 Nbd7 7. O-O Bb7 8. d3 c5 9. cxd5 exd5 10. d4 O-O 11. Nbd2 Re8 12. Rc1 a5 13. a4 Ba6 14. Re1 Rc8 15. Rc2 cxd4 16. Nxd4 Rxc2 17. Qxc2 Nc5 18. N2f3 Ncd7 19. Rc1 Bc5 20. Qd1 Nf8 21. Rc2 Ng6 22. Qa1 Qd7 23. Bf1 Qg4 24. e3 Bxf1 25. Qxf1 Ne4 26. Kg2 Ne5 27. Nxe5 Rxe5 28. f3 Qg6 29. fxe4 Qxe4+ 30. Qf3 Qxe3 31. Qxe3 Rxe3 32. Re2 Rxe2+ 33. Nxe2 Kf8 34. Nf4 d4 35. Kf3 g5 36. Nd3 f5 37. Nxc5 bxc5 38. Ba3 Kf7 39. Bxc5 Ke6 40. Bxd4 h5 41. Bb6 Ke5 42. Bxa5 g4+ 43. Ke3 f4+ 44. gxf4+ Kf5 45. Bc7 h4 46. Kf2 Ke4 47. a5 Kd5 48. a6 Kc6 49. Bb8 Kb6 50. a7 Kb7 51. f5 g3+ 52. hxg3 h3 53. g4 h2 54. Kg2 h1=B+ 55. Kxh1 1-0

[Event "17th Memorial Lezcano Montalvo 2025"]
[Site "Gran Canaria"]
[Date "2025.04.20"]
[Round "9.55"]
[White "Rossello Padron, Carlos"]
[Black "Mykhyeyev, Serafim"]
[Result "1-0"]
[Annotator "NA"]
[ECO "A01"]
[WhiteElo "1776"]
[BlackElo "1516"]
[PlyCount "74"]
[EventDate "2025.04.13"]
[EventType "swiss"]
[EventCountry "ESP"]
[SourceTitle "playchess.com"]
[Source "ChessBase"]
[SourceQuality "1"]
[TimeControl "5400+30"]

1. b3 e5 2. Bb2 Nc6 3. e3 d5 4. Bb5 Bd6 5. f4 f6 6. fxe5 fxe5 7. Nf3 Qe7 8. Bxc6+ bxc6 9. Nxe5 Bxe5 10. Qh5+ Kd8 11. Qxe5 Nf6 12. O-O Rf8 13. d3 Bb7 14. Qxe7+ Kxe7 15. Ba3+ Ke6 16. Bxf8 Rxf8 17. Nd2 c5 18. e4 d4 19. Nc4 Re8 20. Rf5 Nd7 21. Raf1 Re7 22. Nd2 g6 23. R5f2 Bc6 24. Nf3 Kd6 25. Ng5 Ne5 26. Rf6+ Kd7 27. h3 a5 28. a4 Bb7 29. Nf7 Nc6 30. g4 Ba8 31. h4 Bb7 32. h5 gxh5 33. gxh5 Ba8 34. R1f5 Bb7 35. Rd5+ Ke8 36. Nh6 Nb4 37. Rxc5 Kd8 1-0